 Dungeon Crawl Stone Soup version 0.21.1-1-g345015f (webtiles) character file.

109 shakethe the Covered (level 4, -2/37 HPs)
             Began as a Barachi Fighter on Feb 23, 2018.
             Killed from afar by an orc wizard (6 damage)
             ... with a puff of flame
             ... on level 3 of the Dungeon.
             The game lasted 00:02:53 (1784 turns).

shakethe the Covered (Barachi Fighter)              Turns: 1784, Time: 00:02:54

Health: -2/37      AC:  9    Str: 18    XL:     4   Next: 90%
Magic:  4/4        EV:  5    Int:  9    God:
Gold:   189        SH:  9    Dex: 11    Spells: 3/3 levels left

rFire    . . .     SeeInvis .   a - +0 long sword
rCold    . . .     Gourm    .   c - +0 shield
rNeg     . . .     Faith    .   j - +0 chain mail (curse)
rPois    .         Spirit   .   (no helmet)
rElec    .         Reflect  .   (no cloak)
rCorr    .         Harm     .   (no gloves)
MR       .....                  (no boots)
Stlth    ..........             (no amulet)
HPRegen  0.12/turn              (no ring)
MPRegen  0.09/turn              (no ring)

@: hasted, very quick
A: +LOS, swims, slowness 1, strong legs 1
a: Hop


You were on level 3 of the Dungeon.
You were not hungry.

You visited 1 branch of the dungeon, and saw 3 of its levels.

You collected 189 gold pieces.

Inventory:

Hand Weapons
 a - a +0 long sword (weapon)
Armour
 b - a +0 scale mail
 c - a +0 shield (worn)
 h - a +0 plate armour
   (You found it on level 1 of the Dungeon)
 j - a cursed +0 chain mail (worn)
   (You found it on level 1 of the Dungeon)
Jewellery
 m - an uncursed ring of poison resistance {unknown}
   (You found it on level 2 of the Dungeon)
Scrolls
 g - 2 scrolls of teleportation {unknown}
 i - a scroll of random uselessness {unknown}
 l - 2 scrolls of amnesia {unknown}
 n - a scroll of noise {unknown}
 p - 3 scrolls of identify {unknown}
 q - a scroll of fear {unknown}
 r - a scroll of enchant armour {unknown}
Potions
 d - 2 potions of might
 e - a potion of degeneration {unknown}
 o - a potion of flight {unknown}
Comestibles
 f - 5 rations


   Skills:
 + Level 4.1 Fighting
 * Level 3.9 Long Blades
 + Level 4.1 Armour
 + Level 2.0 Dodging
 + Level 3.7 Shields


You had 3 spell levels left.
You didn't know any spells.

Dungeon Overview and Level Annotations

Branches:
Dungeon (3/15)

Altars:


Innate Abilities, Weirdness & Mutations

Shadows flee at your approach. (+LOS)
You can swim through water.
You cover ground slowly.
You can hop short distances.


Message History

MASSIVE DAMAGE!!
Your chain mail prevents you from hitting the orc wizard.
You block the orc wizard's attack. The orc barely misses you.
The orc wizard casts a spell.
The orc wizard seems to speed up.
The goblin hits you but does no damage. The orc wizard casts a spell at you.
The magic dart hits you!
You take 3 damage, and have 23/37 hp.
Your shield prevents you from hitting the orc wizard.
You block the orc wizard's attack. The orc barely misses you.
You riposte.
You hit the orc but do no damage. You block the goblin's attack.
The orc wizard begins to cast a cantrip, but forgets the words!
The orc wizard gestures at you while chanting.
You resist with some effort.
Your chain mail prevents you from hitting the orc wizard.
The orc wizard hits you but does no damage.
The orc hits you with a flail of holy wrath.
The goblin hits you but does no damage. You block the orc wizard's attack.
The orc wizard casts a spell at you. You resist with some effort.
You take 5 damage, and have 18/37 hp.
You hit the orc wizard.
The orc wizard casts a spell.
The orc wizard blinks!
The orc hits you but does no damage.
The orc wizard looks encouraged for a moment.
You block the goblin's attack.
You hit the orc wizard but do no damage.
The orc wizard mumbles some strange words.
The orc wizard flickers and vanishes!
Deactivating autopickup; reactivate with Ctrl-A.
The goblin barely misses you. You block the orc's attack.
Something hits you but does no damage. The goblin barely misses you.
The orc wizard mumbles some strange words.
The orc wizard blinks!
The orc hits you but does no damage.
Your shield prevents you from hitting the orc.
The orc hits you with a flail of holy wrath.
You take 1 damage, and have 18/37 hp.
Your shield and chain mail prevent you from hitting the orc.
The orc hits you but does no damage.
You hit the orc but do no damage.
The orc hits you with a flail of holy wrath.
You take 1 damage, and have 17/37 hp.
You barely miss the orc.
The orc hits you with a flail of holy wrath!
* * * LOW HITPOINT WARNING * * *
You take 6 damage, and have 11/37 hp.
You hit the orc but do no damage. The orc hits you but does no damage.
An orc comes into view. It is wielding a club.
The orc shouts!
You block the orc's attack.
You hear some strange, mumbled words.
The orc hits you but does no damage. The orc hits you but does no damage.
There is an open door here.
You hit the orc. The orc hits you but does no damage.
You hit the orc but do no damage. The orc hits you but does no damage.
You block the kobold's attack.
You hit the orc but do no damage. You block the orc's attack.
Something hits you but does no damage. You block the kobold's attack.
The orc hits you with a flail of holy wrath.
* * * LOW HITPOINT WARNING * * *
Something hits you.
* * * LOW HITPOINT WARNING * * *
You take 8 damage, and have 4/37 hp.
MASSIVE DAMAGE!!
The kobold hits you but does no damage. You block the bat's attack.
The orc wizard mumbles some strange words.
The orc wizard blinks!
Okay, then.
It was a potion of haste.
You feel yourself speed up. The bat hits you but does no damage.
The kobold hits you but does no damage. The bat hits you.
* * * LOW HITPOINT WARNING * * *
You take 1 damage, and have 4/37 hp.
The bat hits you but does no damage. The bat hits you but does no damage.
The bat hits you but does no damage.
An orc wizard appears from thin air!
Reactivating autopickup.
The orc wizard mumbles some strange words.
The orc wizard flickers and vanishes!
Deactivating autopickup; reactivate with Ctrl-A.
You block the bat's attack. The bat barely misses you.
You block the bat's attack. You block the bat's attack.
A dart slug comes into view.
The bat hits you but does no damage. The bat barely misses you.
You riposte.
You hit the bat. The bat hits you.
* * * LOW HITPOINT WARNING * * *
You take 1 damage, and have 4/37 hp.
The bat barely misses you.
You riposte.
You hit the bat.
You kill the bat!
A puff of flame appears from out of thin air!
The puff of flame hits you!
You die...

#.# #.#.....g#####
#.###.######o....#
#)#.....#.....##.#
#.#.#.#.#.##..##.#
#.#.#'#+#'##..##.#
#.#........#.K##..
#.#......w....####
#.##.........##
#.#....@...###
#.#........#
#..........#
####.......#
#.......#
#########


You could see a dart slug and a kobold.

Vanquished Creatures
  3 adders
  2 dart slugs (D:2)
  2 leopard geckos (D:2)
  2 orcs (D:3)
  5 giant cockroaches
  7 goblins
  9 hobgoblins
  7 jackals (D:2)
  12 kobolds
  4 bats
  5 frilled lizards
  12 rats
70 creatures vanquished.

Notes
Turn   | Place    | Note
-------+----------+-------------------------------------------
     0 | D:1      | shakethe the Barachi Fighter began the quest for the Orb.
     0 | D:1      | Reached XP level 1. HP: 18/18 MP: 1/1
   107 | D:1      | Reached XP level 2. HP: 20/25 MP: 2/2
   330 | D:1      | Reached skill level 3 in Long Blades
   330 | D:1      | Reached skill level 1 in Dodging
   554 | D:1      | Reached XP level 3. HP: 30/30 MP: 3/3
   751 | D:2      | Reached skill level 4 in Fighting
   751 | D:2      | Reached skill level 4 in Armour
   756 | D:2      | Found a faded altar of an unknown god.
   830 | D:2      | Reached XP level 4. HP: 35/37 MP: 4/4
  1731 | D:3      | Reached skill level 2 in Dodging
  1767 | D:3      | HP: 8/37 [orc/flail of holy wrath (4)]
  1782 | D:3      | HP: 4/37 [bat (1)]
  1784 | D:3      | Killed from afar by an orc wizard

Skill      XL: |  1  2  3  4 |
---------------+-------------+-----
Long Blades    | 3 |  3.9
Dodging        | 1 2 |  2.0
Fighting       | 4 |  4.1
Armour         | 4 |  4.1
Shields        | |  3.7

Action                   |  1- 3 |  4- 6 || total
-------------------------+-------+-------++-------
Melee: Long sword        |   137 |   102 ||   239
  Use: Potion            |       |     1 ||     1
  Eat: Chunk             |       |     4 ||     4
Armor: Scale mail        |    24 |       ||    24
       Chain mail        |    43 |    72 ||   115
Dodge: Dodged            |    42 |    26 ||    68
Block: Shield            |    57 |    58 ||   115
       Rpst.: Long sword |    14 |     6 ||    20

Vault maps used:
D:1:      dpeg_arrival_court, minmay_hexomino_p4
D:2:      chequers_ecumenical_altar_simple, minmay_statues_item,
          nrook_mini_backslash, grunt_decor_mini_mirrors,
          kennysheep_generic_room_11
D:3:      first_ration

Table legend:
 A = Turns spent in this place as a percentage of turns spent in the entire game.
 B = Non-inter-level travel turns spent in this place as a percentage of non-inter-level travel turns spent in the entire game.
 C = Inter-level travel turns spent in this place as a percentage of turns spent in this place.
 D = Turns resting spent in this place as a percentage of non-inter-level travel turns spent in this place.
 E = Turns spent auto-exploring this place as a percentage of non-inter-level travel turns spent in this place.
 F = Non-inter-level travel turns spent in this place divided by the number of levels of this place that you've seen.
                   A       B       C       D       E      F
               +-------+-------+-------+-------+-------+----------------------
         Total | 100.0 | 100.0 |   6.6 |   0.0 |  73.1 | 555.7
       Dungeon | 100.0 | 100.0 |   6.6 |   0.0 |  73.1 | 555.7
               +-------+-------+-------+-------+-------+----------------------

Table legend:
 A = Kills in this place as a percentage of kills in entire the game.
 B = Kills by you in this place as a percentage of kills by you in the entire game.
 C = Kills by friends in this place as a percentage of kills by friends in the entire game.
 D = Other kills in this place as a percentage of other kills in the entire game.
 E = Experience gained in this place as a percentage of experience gained in the entire game.
 F = Experience gained in this place divided by the number of levels of this place that you have seen.
                   A       B       C       D       E      F
               +-------+-------+-------+-------+-------+----------------------
         Total | 100.0 | 100.0 |   N/A |   N/A | 100.0 |  52.3
       Dungeon | 100.0 | 100.0 |   N/A |   N/A | 100.0 |  52.3
               +-------+-------+-------+-------+-------+----------------------
